 Dungeon Crawl Stone Soup version 0.24.1-8-ga250c9d538 (webtiles) character file.

Game seed: 16813891573041463436, levelgen mode: deterministic

68 Hugehornet the Changer (level 4, -6/28 HPs)
             Began as an Octopode Transmuter on May 6, 2020.
             Mangled by Sigmund
             ... wielding a +0 scythe
              (8 damage)
             ... on level 2 of the Dungeon.
             The game lasted 00:03:11 (1621 turns).

Hugehornet the Changer (Octopode Transmuter)        Turns: 1621, Time: 00:03:13

Health: -6/28      AC:  1    Str:  9    XL:     4   Next: 19%
Magic:  2/7        EV: 13    Int: 16    God:
Gold:   17         SH:  0    Dex: 12    Spells: 1/7 levels left

rFire    . . .     SeeInvis .     - Unarmed
rCold    . . .     Gourm    .   (no shield)
rNeg     . . .     Faith    .   (helmet restricted)
rPois    .         Spirit   .   b - amulet of the acrobat
rElec    .         Reflect  .   (no ring)
rCorr    .         Harm     .   (no ring)
MR       .....                  (no ring)
Stlth    ++........             (no ring)
HPRegen  0.09/turn              (no ring)
MPRegen  0.10/turn              (no ring)
                                (no ring)
                                (no ring)

@: very slightly contaminated
A: almost no armour, stealthy swim, amphibious, 8 rings, constrict 8, camouflage
1, gelatinous body 1
a: no special abilities


You were on level 2 of the Dungeon.
You were not hungry.

You visited 1 branch of the dungeon, and saw 2 of its levels.

You collected 17 gold pieces.

Inventory:

Missiles
 a - 12 arrows
Jewellery
 b - an amulet of the acrobat (around mantle)
Comestibles
 c - a ration
 d - a chunk of flesh


   Skills:
 - Level 1.0 Fighting
 - Level 2.0 Dodging
 * Level 3.4 Unarmed Combat
 - Level 2.0 Spellcasting
 * Level 3.8 Transmutations
 - Level 1.0 Poison Magic


You had one spell level left.
You knew the following spells:

 Your Spells              Type           Power        Failure   Level  Hunger
a - Beastly Appendage     Tmut           ##....       4%          1    #......
b - Sticks to Snakes      Tmut           ##......     7%          2    ###....
c - Spider Form           Tmut/Pois      #.........   22%         3    ###....

Your spell library contained the following spells:

 Spells                   Type           Power        Failure   Level  Hunger
 Ice Form                 Ice/Tmut       #.......     67%         4    #####..
 Blade Hands              Tmut           ##........   77%         5    ######.


Dungeon Overview and Level Annotations

Branches:
Dungeon (2/15)

Altars:
Ashenzari
Zin

Annotations:
D:2 Sigmund


Innate Abilities, Weirdness & Mutations

You cannot wear most types of armour.
You are very stealthy in the water. (Stealth+)
You are amphibious.
You can wear up to eight rings at the same time.
You can use your tentacles to constrict eight enemies at once.
Your skin changes colour to match your surroundings (Stealth+).
Your rubbery body absorbs attacks. (AC +1, EV +1)


Message History

You barely miss Sigmund.
Sigmund is lightly wounded.
Your transformation has ended.
Sigmund closely misses you. The frilled lizard bites you.
You tentacle-slap Sigmund. You grab Sigmund. You tentacle-slap Sigmund.
Sigmund is moderately wounded.
You constrict Sigmund, but do no damage.
Sigmund gestures at you while chanting. The puff of flame hits you!
* * * LOW HITPOINT WARNING * * *
The frilled lizard bites you.
* * * LOW HITPOINT WARNING * * *
Casting: Spider Form (safe; 22% risk of failure)
Confirm with . or Enter, or press ? or * to list all spells.
You miscast Spider Form.
You are very lightly contaminated with residual magic.
Your skin tingles.
You constrict Sigmund, but do no damage.
The frilled lizard closely misses you. Sigmund hits you with a +0 scythe!
You die...

## ### ######.
..##.....
........#########
.........@@>...#
.....!#l###.....
#.#.###)## #....
#.#.##.#.##.#....
##.#†#.###).l..@....
#....#..#.##.#..#..#
#..###.#.###.#..#..
#..# #.#.###.#....
#..###.#.........


You could see Sigmund and a frilled lizard.

Vanquished Creatures
  An orc wizard (D:2)
  A dart slug (D:1)
  A leopard gecko (D:1)
  2 orcs (D:2)
  A giant cockroach (D:1)
  6 goblins
  5 hobgoblins
  A quokka (D:2)
  4 bats
  2 frilled lizards (D:1)
  3 kobolds (D:1)
  5 rats
  A plant (D:1)
33 creatures vanquished.

Notes
Turn   | Place    | Note
-------+----------+-------------------------------------------
     0 | D:1      | Hugehornet the Octopode Transmuter began the quest for the
                  | Orb.
     0 | D:1      | Reached XP level 1. HP: 13/13 MP: 3/3
   289 | D:1      | Reached XP level 2. HP: 18/18 MP: 3/5
   293 | D:1      | Learned a level 2 spell: Sticks to Snakes
   918 | D:1      | Reached XP level 3. HP: 23/23 MP: 4/6
   923 | D:1      | Learned a level 3 spell: Spider Form
  1236 | D:2      | Found a shattered altar of Ashenzari.
  1250 | D:2      | Found a glowing silver altar of Zin.
  1294 | D:2      | Noticed an orc warrior
  1540 | D:2      | Reached skill level 1 in Poison Magic
  1540 | D:2      | Reached XP level 4. HP: 28/28 MP: 3/7
  1599 | D:2      | Noticed Sigmund
  1621 | D:2      | Mangled by Sigmund

Levels and vault maps discovered:
D:1:      dpeg_arrival_boxes_within_box, layout_basic, serial_forest,
          infiniplex_forest_clump_small, infiniplex_forest_straight_3,
          infiniplex_forest_join, infiniplex_forest_lined_3_way,
          infiniplex_forest_pool, infiniplex_forest_fountain,
          infiniplex_forest_fountain, minmay_misc_feat_iff, grunt_decor_clamped
D:2:      layout_loops_ring, ashenzari_altar_1, lemuel_round_altar, uniq_sigmund

Skill      XL: |  1  2  3 |
---------------+----------+-----
Transmutations | 3 |  3.8
Poison Magic   | 1 |  1.0
Fighting       | |  1.0
Dodging        | |  2.0
Unarmed Combat | |  3.4
Spellcasting   | |  2.0

Action                   |  1- 3 |  4- 6 || total
-------------------------+-------+-------++-------
Melee: Unarmed           |    85 |     9 ||    94
       Constrict         |    19 |     1 ||    20
       Kick              |    19 |       ||    19
       Tentacles         |    18 |       ||    18
       Punch             |     2 |     1 ||     3
 Cast: Beastly Appendage |    24 |       ||    24
       Spider Form       |     1 |     1 ||     2
  Use: Scroll            |     1 |       ||     1
 Stab: Sleeping          |     5 |       ||     5
  Eat: Chunk             |     2 |     1 ||     3
Armor: Skin              |     6 |       ||     6
Dodge: Dodged            |    47 |     8 ||    55
